 Dungeon Crawl Stone Soup version 0.25.0-10-g039870ee82 (webtiles) character file.

Game seed: 9741573610233803543

846 Delamore the Cleaver (level 8, -6/71 HPs)
             Began as a Hill Orc Monk on June 23, 2020.
             Was a Priest of Okawaru.
             Mangled by an orc warrior
             ... wielding a +0 halberd
              (18 damage)
             ... on level 5 of the Dungeon.
             The game lasted 00:06:08 (6239 turns).

Delamore the Cleaver (Hill Orc Monk)                Turns: 6239, Time: 00:06:08

Health: -6/71      AC:  7    Str: 16    XL:     8   Next: 0%
Magic:  8/8        EV: 11    Int: 10    God:    Okawaru [***...]
Gold:   183        SH:  5    Dex: 13    Spells: 7/7 levels left

rFire    . . .     SeeInvis .   a - +0 hand axe
rCold    + . .     Gourm    .   q - +2 buckler
rNeg     . . .     Faith    .   h - +3 leather armour
rPois    .         Spirit   .   (no helmet)
rElec    .         Reflect  .   (no cloak)
rCorr    .         Harm     .   (no gloves)
MR       .....                  e - +0 pair of boots
Stlth    +++.......             (no amulet)
HPRegen  0.21/turn              l - ring of protection from cold
MPRegen  0.11/turn              v - ring of stealth

@: no status effects
A: no striking features
a: Heroism, Renounce Religion


You were on level 5 of the Dungeon.
You worshipped Okawaru.
Okawaru was most pleased with you.
You were not hungry.

You visited 2 branches of the dungeon, and saw 6 of its levels.

You collected 183 gold pieces.

Inventory:

Hand Weapons
 a - a +0 hand axe (weapon)
Missiles
 b - 4 boomerangs of dispersal
 g - 8 atropa-tipped darts (quivered)
Armour
 e - a +0 pair of boots (worn)
 h - a +3 leather armour (worn)
 q - a +2 buckler (worn)
Jewellery
 l - a ring of protection from cold (left hand)
 v - a ring of stealth (right hand)
Wands
 u - a wand of paralysis (7)
Scrolls
 f - a scroll of identify
 i - 2 scrolls of enchant weapon {unknown}
 k - 3 scrolls of teleportation
 m - a scroll of immolation
 p - 3 scrolls of remove curse {unknown}
 t - a scroll of noise
Potions
 d - 5 potions of curing
 j - a potion of stabbing
 n - 3 potions of brilliance
 o - 2 potions of might
Comestibles
 c - 12 rations


   Skills:
 + Level 6.6 Fighting
 + Level 10.3 Axes
 - Level 2.4 Dodging
 - Level 1.5 Stealth


You had 7 spell levels left.
You didn't know any spells.
Your spell library was empty.

Dungeon Overview and Level Annotations

Branches:
Dungeon (5/15)             Temple (1/1) D:4

Altars:
Ashenzari
Dithmenos
Elyvilon
Fedhas
Gozag
Hepliaklqana
Kikubaaqudgha
Makhleb
Nemelex Xobeh
Okawaru
Qazlal
Ru
Sif Muna
Trog
Uskayaw
Vehumet
Wu Jian
Xom
Yredelemnul
Zin
The Shining One

Shops:
D:5 [


Message History

You hit the orc warrior but do no damage.
The orc warrior is heavily wounded.
You block the orc warrior's attack.
You hit the orc warrior.
The orc warrior is severely wounded.
The orc warrior hits you with a +0 halberd!!
* * * LOW HITPOINT WARNING * * *
You barely miss the orc warrior.
The orc warrior is severely wounded.
You feel much better. You block the orc warrior's attack.
You closely miss the orc warrior.
The orc warrior is severely wounded.
The orc warrior hits you with a +0 halberd!
* * * LOW HITPOINT WARNING * * *
You barely miss the orc warrior.
The orc warrior is severely wounded.
You closely miss the orc warrior.
The orc warrior is severely wounded.
The orc warrior hits you with a +0 halberd!!
You die...

#.## #....... #..#
########. ##..####
#.......# #......#
#.#...... ######.#
#.#....>.
##.....####.#......
#...............#.#
##.#######.##.#....
#@# #.##.#.###
#o)..# #.##.####<
#.#### #.##......
#.. #.######## ###
#.......#
#######.## #....
#.... #....


You could see an orc warrior.

Vanquished Creatures
  A sky beast (D:4)
  2 ogres
  2 centaurs (D:5)
  2 howler monkeys (D:5)
  A hound (D:4)
  An iguana (D:5)
  A worker ant (D:4)
  2 orc wizards (D:3)
  A hound skeleton (D:4)
  7 adders
  2 shadow imps (D:5)
  3 oozes (D:1)
  6 worms
  A dart slug (D:5)
  3 leopard geckos
  7 orcs
  2 ball pythons (D:4)
  5 bats
  2 giant cockroaches
  17 hobgoblins
  6 jackals (D:1)
  9 kobolds
  2 quokkas
  6 frilled lizards
  8 goblins
  A jackal skeleton (D:4)
  A quokka skeleton (D:4)
  7 rats
108 creatures vanquished.

Notes
Turn   | Place    | Note
-------+----------+-------------------------------------------
     0 | D:1      | Delamore the Hill Orc Monk began the quest for the Orb.
     0 | D:1      | Reached XP level 1. HP: 19/19 MP: 1/1
    38 | D:1      | Reached XP level 2. HP: 12/26 MP: 2/2
    45 | D:1      | Reached skill level 5 in Axes
   578 | D:1      | Reached XP level 3. HP: 31/31 MP: 3/3
   808 | D:1      | Reached skill level 6 in Axes
  1536 | D:1      | Reached XP level 4. HP: 36/39 MP: 4/4
  2089 | D:2      | Reached skill level 7 in Axes
  2214 | D:2      | Reached XP level 5. HP: 42/45 MP: 5/5
  2656 | D:3      | HP: 2/45 [orc wizard/magic dart (10)]
  2660 | D:3      | Reached skill level 8 in Axes
  3465 | D:4      | Noticed an ogre
  3473 | D:4      | Reached XP level 6. HP: 52/52 MP: 6/6
  3501 | D:4      | Found a staircase to the Ecumenical Temple.
  3536 | Temple   | Entered the Ecumenical Temple
  3821 | Temple   | Became a worshipper of Warmaster Okawaru
  3821 | Temple   | Reached * piety under Okawaru
  3821 | Temple   | Reached ** piety under Okawaru
  3907 | D:4      | Reached skill level 9 in Axes
  4993 | D:5      | Entered Level 5 of the Dungeon
  4993 | D:5      | Found Xiusefod's Armour Boutique.
  5030 | D:5      | Reached skill level 5 in Fighting
  5030 | D:5      | Reached XP level 7. HP: 25/61 MP: 7/7
  5383 | D:5      | Found a shimmering altar of Xom.
  5549 | D:5      | Reached skill level 10 in Axes
  6194 | D:5      | Reached *** piety under Okawaru
  6194 | D:5      | Reached XP level 8. HP: 69/71 MP: 8/8
  6234 | D:5      | HP: 3/71 [orc warrior/+0 halberd (23)]
  6239 | D:5      | Mangled by an orc warrior

Illustrated notes

Levels and vault maps discovered:
D:1:      dpeg_arrival_pond, layout_basic, nrook_loot_triangle,
          minmay_misc_feat_diagonals
D:2:      layout_basic, serial_glass, glass_columns_a, glass_columns_b,
          glass_columns_a, minmay_strange_pillars, due_unseen_surprise
D:3:      layout_rooms, first_ration, roderic_serpentine_path
D:4:      layout_basic, minmay_temple_entry_butterflies
D:5:      layout_basic, basic_altar, serial_shops, shop
Temple:   minmay_crystal_snake_temple

Skill      XL: |  1  2  3  4  5  6  7 |
---------------+----------------------+-----
Axes           | 5 6 7 8 9 10 | 10.3
Fighting       | 5 6 |  6.6
Dodging        | |  2.4
Stealth        | |  1.5

Action                   |  1- 3 |  4- 6 |  7- 9 || total
-------------------------+-------+-------+-------++-------
Melee: Hand axe          |   118 |   268 |   111 ||   497
Throw: Dart              |       |     5 |       ||     5
  Use: Potion            |     3 |     2 |     1 ||     6
       Scroll            |       |     5 |       ||     5
 Stab: Sleeping          |     2 |     3 |       ||     5
       Invisible         |       |     1 |       ||     1
  Eat: Chunk             |       |    13 |     4 ||    17
Armor: Robe              |     9 |       |       ||     9
       Leather armour    |    23 |    64 |    24 ||   111
       Skin              |     9 |       |       ||     9
Dodge: Dodged            |    67 |   108 |    40 ||   215
Block: Buckler           |       |    43 |    19 ||    62
